 Dungeon Crawl Stone Soup version 0.24.0-123-gd5b16e6ec5 (webtiles) character file.

Game seed: 2548407419593926672, levelgen mode: deterministic

109 glosham the Chopper (level 4, -26/35 HPs)
             Began as a Mummy Abyssal Knight on Dec 18, 2019.
             Was a Follower of Lugonu.
             Killed from afar by a wretched star (30 damage)
             ... with an orb of energy
             ... on level 2 of the Abyss.
             The game lasted 00:06:53 (191 turns).

glosham the Chopper (Mummy Abyssal Knight)           Turns: 191, Time: 00:06:53

Health: -26/35     AC:  3    Str: 16    XL:     4   Next: 60%
Magic:  5/5        EV: 11    Int: 11    God:    Lugonu [*.....]
Gold:   126        SH:  0    Dex:  6    Spells: 3/3 levels left

rFire    x . .     SeeInvis .   a - +1 hand axe
rCold    + . .     Gourm    .   (no shield)
rNeg     + + +     Faith    .   b - +0 leather armour
rPois    ∞         Spirit   .   (no helmet)
rElec    .         Reflect  .   (no cloak)
rCorr    .         Harm     .   (no gloves)
MR       .....                  (no boots)
Stlth    +.........             (no amulet)
HPRegen  0.11/turn              f - -5 ring of dexterity (curse)
MPRegen  0.09/turn              (no ring)

@: no status effects
A: no food or potions, fire vulnerability, cold resistance 1, negative energy
resistance 3, torment resistance, unbreathing
a: Depart the Abyss, Renounce Religion


You were on level 2 of the Abyss.
You worshipped Lugonu.
Lugonu was aware of your devotion.
You were not hungry.

You visited 0 branches of the dungeon, and saw 0 of its levels.
You visited the Abyss 1 time.

You collected 126 gold pieces.

Inventory:

Hand Weapons
 a - a +1 hand axe (weapon)
Armour
 b - a +0 leather armour (worn)
 d - a +3 chain mail
Jewellery
 f - a cursed -5 ring of dexterity (left hand)


   Skills:
 - Level 3.0 Fighting
 * Level 4.0 Axes
 - Level 1.5 Armour
 - Level 0.7 Dodging
 - Level 1.5 Invocations


You had 3 spell levels left.
You didn't know any spells.
Your spell library was empty.

Dungeon Overview and Level Annotations

Branches:
Dungeon (0/15)

Altars:


Innate Abilities, Weirdness & Mutations

You do not eat or drink.
Your flesh is vulnerable to fire.
You are immune to poison.
Your flesh is cold resistant. (rC+)
You are immune to negative energy. (rN+++)
You are immune to unholy pain and torment.
You can survive without breathing.


Message History

Aim: a flying skull (chance to defeat MR: 46%)
The flying skull resists with some effort.
The flying skull hits you.
* * * LOW HITPOINT WARNING * * *
The flying skull hits you but does no damage.
Evoke which item? (* to show all) (? for menu, Esc to quit)
Aiming: Paralyse
Press: ? - help, Shift-Dir - straight line, f/p - flying skull
Aim: a flying skull (chance to defeat MR: 46%)
The flying skull suddenly stops moving!
You enter the shallow water.
Moving in this stuff is going to be slow.
A raiju comes into view.
Evoke which item? (* to show all) (? for menu, Esc to quit)
Aiming: Paralyse
Press: ? - help, Shift-Dir - straight line, f - raiju
Aim: a raiju (chance to defeat MR: 46%)
The raiju resists with some effort.
The now-empty wand crumbles to dust.
As you read the scroll labeled ZAOXAGRIEXI, it crumbles to dust.
It is a scroll of amnesia.
You feel forgetful for a moment.
A polar bear comes into view.
An ancient zyme comes into view.
Put ring on which hand? (Esc to cancel) < - no ring (left); > - no ring (right)
You feel clumsy.
Oops, that ring feels deathly cold.
f - a cursed -5 ring of dexterity (left hand)
A worldbinder comes into view.
The worldbinder moves out of view.
The raiju bursts into living lightning!
The living lightning hits you!
* * * LOW HITPOINT WARNING * * *
The raiju blinks!
The raiju bites you but does no damage.
A wretched star comes into view.
The wretched star glows turbulently.
The orb of energy hits you!!
Ouch! That really hurt!
You die...

# ### ≈# # ##
h..# ...≈
§#.##..#..#
..#≈≈.##
.#####.. #
≈≈#.#.##.###
...
#≈≈..#.#....#
#. .
.#≈≈..#.#...
#..
#..≈♣#.##.#
#.*#
#≈≈...h.##...#
# #≈♣...##@.#
. #♣≈#....###
#≈≈##... #.≈≈
##... ##≈
..#.. #≈
.#.#.#. ....§
## ≈# ..


You could see a wretched star and a raiju.

Vanquished Creatures
  A large abomination (Abyss:2)
1 creature vanquished.

Notes
Turn   | Place    | Note
-------+----------+-------------------------------------------
     0 | Abyss:1  | glosham the Mummy Abyssal Knight began the quest for the
                  | Orb.
     0 | Abyss:1  | Reached XP level 1. HP: 18/18 MP: 2/2
    30 | Abyss:1  | Noticed a smoke demon
    83 | Abyss:2  | Noticed a large abomination
    89 | Abyss:2  | Noticed a flying skull
    92 | Abyss:2  | Noticed a troll
    92 | Abyss:2  | a shapeshifter changed into a troll
    94 | Abyss:2  | Killed a large abomination
    94 | Abyss:2  | Reached skill level 4 in Axes
    94 | Abyss:2  | Reached XP level 2. HP: 24/24 MP: 3/3
    94 | Abyss:2  | Reached XP level 3. HP: 29/29 MP: 4/4
    94 | Abyss:2  | Reached XP level 4. HP: 35/35 MP: 5/5
   110 | Abyss:2  | HP: 3/35 [flying skull (3)]
   115 | Abyss:2  | Noticed an apocalypse crab
   120 | Abyss:2  | Noticed a large abomination
   120 | Abyss:2  | Noticed a starcursed mass
   124 | Abyss:2  | Noticed a large abomination
   126 | Abyss:2  | Noticed an eye of draining
   126 | Abyss:2  | a troll changed into an eye of draining
   139 | Abyss:2  | Noticed a worldbinder
   145 | Abyss:2  | Noticed a jumping spider
   164 | Abyss:2  | Noticed a raiju
   166 | Abyss:2  | Noticed a polar bear
   175 | Abyss:2  | Noticed an ancient zyme
   180 | Abyss:2  | Noticed a worldbinder
   187 | Abyss:2  | HP: 3/35 [raiju/living lightning (7)]
   191 | Abyss:2  | Noticed a wretched star
   191 | Abyss:2  | Killed from afar by a wretched star

Levels and vault maps discovered:
Abyss:2

Skill      XL: |  1 |
---------------+----+-----
Axes           | 4 |  4.0
Fighting       | |  3.0
Armour         | |  1.5
Dodging        | |  0.7
Invocations    | |  1.5

Action                   |  1- 3 |  4- 6 || total
-------------------------+-------+-------++-------
Melee: Hand axe          |       |     4 ||     4
Evoke: Wand              |     4 |    10 ||    14
  Use: Scroll            |       |     1 ||     1
 Stab: Paralysed         |       |     4 ||     4
Armor: Leather armour    |       |     3 ||     3
Dodge: Dodged            |       |     4 ||     4

Table legend:
 A = Turns spent in this place as a percentage of turns spent in the entire game.
 B = Non-inter-level travel turns spent in this place as a percentage of non-inter-level travel turns spent in the entire game.
 C = Inter-level travel turns spent in this place as a percentage of turns spent in this place.
 D = Turns resting spent in this place as a percentage of non-inter-level travel turns spent in this place.
 E = Turns spent auto-exploring this place as a percentage of non-inter-level travel turns spent in this place.
 F = Non-inter-level travel turns spent in this place divided by the number of levels of this place that you've seen.
                   A       B       C       D       E      F
               +-------+-------+-------+-------+-------+----------------------
         Total | 100.0 | 100.0 |   0.0 |   0.0 |   0.0 |  95.5
         Abyss | 100.0 | 100.0 |   0.0 |   0.0 |   0.0 |  95.5
               +-------+-------+-------+-------+-------+----------------------

Table legend:
 A = Kills in this place as a percentage of kills in entire the game.
 B = Kills by you in this place as a percentage of kills by you in the entire game.
 C = Kills by friends in this place as a percentage of kills by friends in the entire game.
 D = Other kills in this place as a percentage of other kills in the entire game.
 E = Experience gained in this place as a percentage of experience gained in the entire game.
 F = Experience gained in this place divided by the number of levels of this place that you have seen.
                   A       B       C       D       E      F
               +-------+-------+-------+-------+-------+----------------------
         Total | 100.0 | 100.0 |   N/A |   N/A | 100.0 |  78.5
         Abyss | 100.0 | 100.0 |   N/A |   N/A | 100.0 |  78.5
               +-------+-------+-------+-------+-------+----------------------

Levels and vault maps discovered:
Abyss:2
